Map: Cyber Forest LE

Players

Stropheum - Winner!

  • Race: Zerg Zerg
  • League: Master
  • Spawn Location: 11:00

Azeran

  • Race: Zerg Zerg
  • League: Diamond
  • Spawn Location: 5:00

VOD

Have the link to the VOD?

Description

Time

  • Played on: Feb. 26, 2019, 11:29 a.m.
  • Length: 4:55
Show
View Real Time Build Order
Export as new Build Order

Stropheum Zerg - Winner!

Build Orders: Hatch First, Zergling Baneling 

Get SALT Encoding   

  12  0:02  Drone  
  13  0:12  Overlord  
  13  0:16  Drone  
  14  0:31  Drone x2  
  14  0:35  Drone  
  17  0:52  Hatchery  
  17  0:55  Drone  
  17  0:58  Drone  
  18  1:09  Extractor  
  17  1:14  Spawning Pool  
  17  1:16  Drone  
  17  1:20  Drone  
  18  1:28  Drone  
  19  1:39  Overlord  
  19  2:04  Queen x2  
  19  2:07  Zergling x6  
  26  2:12  Metabolic Boost  
  26  2:14  Zergling x2  
  27  2:17  Drone  
  27  2:22  Drone  
  29  2:26  Drone  
  30  2:39  Hatchery  
  29  2:46  Baneling Nest  
  29  2:48  Drone  
  29  2:50  Drone  
  30  2:55  Overlord  
  30  3:03  Drone x2  
  30  3:05  Drone  
  33  3:18  Zergling x10  
  38  3:27  Queen  
  38  3:31  Baneling x4  
  36  3:49  Zergling x12  
  36  3:50  Zergling x4  
  40  4:04  Zergling x12  
  45  4:10  Baneling x3  
  45  4:13  Zergling x6  
  46  4:19  Zergling x4  
  46  4:21  Baneling  
  48  4:30  Baneling  
  48  4:35  Drone x2  
  48  4:36  Overlord  
  48  4:37  Overlord  
Show
View Real Time Build Order
Export as new Build Order

Azeran Zerg 

Build Orders: Pool First 

Get SALT Encoding   

  12  0:01  Drone  
  13  0:12  Overlord  
  13  0:18  Drone  
  14  0:31  Drone x2  
  16  0:37  Drone  
  17  0:44  Extractor  
  16  0:50  Spawning Pool  
  16  0:51  Drone  
  16  0:58  Overlord  
  16  1:09  Drone  
  17  1:17  Drone  
  18  1:31  Hatchery  
  17  1:35  Drone  
  18  1:44  Queen  
  20  1:53  Metabolic Boost  
  20  1:56  Drone  
  21  2:02  Drone  
  21  2:03  Drone  
  23  2:12  Overlord  
  23  2:20  Baneling Nest  
  22  2:27  Queen  
  24  2:36  Evolution Chamber  
  23  2:42  Zergling x4  
  23  2:44  Zergling x2  
  26  2:45  Zergling x2  
  27  2:53  Zergling x4  
  27  2:55  Zergling x2  
  27  2:58  Zergling x2  
  31  3:01  Zergling x2  
  31  3:05  Zergling x2  
  33  3:20  Baneling x2  
  33  3:21  Zergling x2  
  33  3:26  Zergling x2  
  34  3:30  Baneling  
  34  3:34  Drone x2  
  34  3:37  Drone  
  34  3:43  Zergling x4  
  36  3:49  Baneling x2  
  36  3:59  Zergling x6  
  36  4:00  Zergling x2  
  35  4:03  Zergling x2  
  35  4:12  Zergling x4  
  35  4:15  Drone x2  
  36  4:20  Zergling x4  
  37  4:26  Zergling x4  
  37  4:30  Zergling x2  
  40  4:33  Baneling  
  40  4:37  Zergling x4  
Tags
 
Add a new tag
Caveats
  • Supply blocks, unpowered buildings, or Contaminate may cause inaccurate times.
  • Supply counts are checked every 10 seconds.